 Dungeon Crawl Stone Soup version 0.27.0-1-g7a089689b8 (webtiles) character file.

Game seed: 5205524648545716680

15397 backslashecho the Cleaver (level 12, -4/76 HPs)
             Began as a Gargoyle Berserker on Aug 3, 2021.
             Was a High Priest of Trog.
             Slain by a two-headed ogre (16 damage)
             ... in a volcano.
             The game lasted 00:23:34 (12446 turns).

backslashecho the Cleaver (Gargoyle Berserker)     Turns: 12446, Time: 00:23:35

Health: -4/76      AC: 28    Str: 25    XL:     12   Next: 26%
Magic:  12/12      EV:  8    Int:  9    God:    Trog [*****.]
Gold:   333        SH:  0    Dex:  9    Spells: 11/11 levels left

rFire    . . .     SeeInvis +   a - +2 war axe (flame)
rCold    . . .     Faith    .   (no shield)
rNeg     + . .     Spirit   .   q - +0 plate armour
rPois    ∞         Reflect  .   Q - +1 helmet
rElec    +         Harm     .   L - +0 cloak
rCorr    .         Rampage  .   C - +0 pair of gloves
Will     .....                  (no boots)
Stlth    ..........             p - amulet of regeneration
HPRegen  1.22/turn              n - ring of see invisible
MPRegen  0.13/turn              (no ring)

@: on berserk cooldown, slowed, very slow
A: sickness immunity, AC +8, negative energy resistance 1, electricity
resistance, torment resistance 1, petrification resistance
a: Renounce Religion, Berserk, Trog's Hand, Brothers in Arms


You were in a volcano.
You worshipped Trog.
Trog was extremely pleased with you.
You visited 2 branches of the dungeon, and saw 12 of its levels.
You also visited: Volcano.

You collected 607 gold pieces.
You spent 274 gold pieces at shops.

Inventory:

Hand Weapons
 a - a +2 war axe of flaming (weapon)
Missiles
 f - 110 poisoned darts
 h - a curare-tipped dart (quivered)
 x - 2 throwing nets
 O - 2 silver javelins
Armour
 q - a +0 plate armour (worn)
 C - a +0 pair of gloves (worn)
 L - a +0 cloak (worn)
 N - +0 acid dragon scales
 Q - a +1 helmet (worn)
Jewellery
 n - a ring of see invisible (left hand)
 p - an amulet of regeneration (around neck)
Wands
 v - a wand of digging (6)
 I - a wand of iceblast (7)
 J - a wand of charming (5)
 P - a wand of flame (12)
Scrolls
 d - 8 scrolls of identify {unknown}
 e - a scroll of enchant armour {unknown}
 g - 2 scrolls of blinking {unknown}
 i - a scroll of fear {unknown}
 j - 2 scrolls of noise {unknown}
 k - a scroll of torment {unknown}
 o - 6 scrolls of amnesia {unknown}
 r - 2 scrolls of immolation {unknown}
 s - a scroll of acquirement {unknown}
 t - 2 scrolls of magic mapping {unknown}
 u - 3 scrolls of teleportation {unknown}
 y - a scroll of fog {unknown}
 A - a scroll of holy word {unknown}
 D - a scroll of brand weapon {unknown}
 F - 2 scrolls of enchant weapon {unknown}
 H - 2 scrolls of vulnerability {unknown}
Potions
 b - 5 potions of curing {unknown}
 c - 3 potions of heal wounds {unknown}
 l - a potion of haste {unknown}
 m - a potion of attraction {unknown}
 w - a potion of invisibility {unknown}
 z - 4 potions of lignification {unknown}
 B - 2 potions of cancellation {unknown}
 E - a potion of brilliance {unknown}
 G - a potion of flight {unknown}
 K - a potion of mutation {unknown}
 M - a potion of berserk rage {unknown}


   Skills:
 + Level 9.0 Fighting
 * Level 12.7 Axes
 - Level 6.0 Throwing
 + Level 9.0 Armour
 - Level 5.0 Dodging
 - Level 1.0 Unarmed Combat


You had 11 spell levels left.
You didn't know any spells.
Your spell library was empty.

Dungeon Overview and Level Annotations

Branches:
Dungeon (11/15)            Temple (0/1) D:7            Lair (1/6) D:11
    Orc (0/2) D:10        Volcano (1/1)

Altars:
Cheibriados
Hepliaklqana
Nemelex Xobeh
Sif Muna
Wu Jian
Xom
Zin
The Shining One

Shops:
D:9 (   D:10 [


Innate Abilities, Weirdness & Mutations

You are immune to sickness and miasma.
Your stone body is resilient. (AC +8)
You are immune to poison.
You resist negative energy. (rN+)
You are resistant to electric shocks. (rElec)
You are resistant to unholy torment.
You are immune to petrification.


Message History

You hear an angry hiss.
You hear a shout!
Something bites the plant.
The plant begins to die.
Something claws the plant.
The salamander hits you but does no damage.
You hit the two-headed ogre. You burn the two-headed ogre.
The two-headed ogre is moderately wounded.
You slash the plant! You burn the plant.
A nearby plant withers and dies.
The two-headed ogre hits you with a +0 giant club.
The two-headed ogre hits you with a +0 giant club!
* * * LOW HITPOINT WARNING * * *
The salamander hits you but does no damage.
You take 12 damage, and have 27/114 hp.
You slash the two-headed ogre! You burn the two-headed ogre.
The two-headed ogre is heavily wounded.
You slice the two-headed ogre!! You burn the two-headed ogre!
You kill the two-headed ogre!
Trog accepts your kill.
The salamander hits you from afar with a +1 vorpal spear!
* * * LOW HITPOINT WARNING * * *
You are engulfed in flames!
* * * LOW HITPOINT WARNING * * *
x2 A salamander comes into view. It is wielding a +3 glaive.
Training target 5.0 for Dodging reached!
Your Dodging skill increases to level 5!
You take 19 damage, and have 8/114 hp.
Unknown command.
Unknown command.
Okay, then.
Unknown command.
You feel a strong urge to attack something.
Something hits the plant!!
The plant begins to die.
Something bites the plant!
Something completely misses the plant.
You feel your anger nearly subside.
You are no longer berserk.
You are exhausted.
You feel yourself slow down.
You now have 8/76 hp.
You fail to use your ability.
You regained 2 hp, and now have 10/76 hp.
Your two-headed ogre goes berserk!
The two-headed ogre hits you with a +0 giant club!
You die...

≈§§≈°♣♣...♣ ♣♣♣♣♣.♣♣♣♣♣
≈°≈≈○≈♣♣P.♣♣♣♣♣PP....P..♣♣
≈≈≈§≈≈≈♣P♣..♣P....PP♣...†♣♣
.♣P≈≈§≈≈♣♣♣♣....P.♣♣♣♣♣♣♣).♣
.§..♣§≈≈≈≈≈♣♣♣♣P.♣♣≈≈≈♣♣..P♣
.......P§≈≈≈≈≈♣♣♣♣≈≈≈§P..♣.P
.PP§.P...♣.§≈≈≈§≈°○§≈.P...P.
P.♣....♣..PP.§≈≈≈≈§≈≈P..P..P
♣...PN)♣..O@.P♣≈≈§§≈PP..♣...
♣♣P.♣♣♣..N.P..♣P§.♣♣♣.P...PP
♣♣ ♣§≈≈≈♣PO♣...P......♣.P.♣
♣≈≈≈≈≈≈≈§♣♣P♣...♣P.....P≈
♣≈≈°°○≈§○§♣§..P...♣.P.♣≈§
♣≈≈≈§§≈§≈§≈≈§♣♣.P♣♣♣♣♣≈≈≈
DP≈≈○☼§≈§§§≈§≈§♣♣♣♣ ≈§≈
P≈≈§§§♣♣♣♣♣♣≈§≈≈ ≈≈≈
N♣≈≈≈♣♣♣ ♣♣≈○§§ §○§


You could see a salamander (ally target), a two-headed ogre and a friendly
two-headed ogre (summoned, berserk).

Vanquished Creatures
  Erica (D:11)
  5 two-headed ogres
  An oklob plant (D:11)
  A salamander (Volcano)
  Maggie (D:8)
  Psyche (D:9)
  2 kobold demonologists (D:11)
  3 komodo dragons
  2 trolls
  2 hornets
  Sigmund (D:2)
  A wraith (D:11)
  7 yaks
  A shadow (D:11)
  4 wyverns
  3 steam dragons
  A fire bat (Volcano)
  Edmund (D:5)
  An acid dragon (D:11)
  2 water moccasins
  An orc warrior (D:8)
  4 black bears
  A sky beast (D:5)
  4 necrophages
  3 ogres
  3 centaurs (D:8)
  3 phantoms
  6 kobold brigands
  A wyvern zombie (D:8)
  4 bullfrogs
  6 scorpions
  5 gnoll sergeants
  A wyvern skeleton (D:6)
  A water moccasin skeleton (D:3)
  5 killer bees (D:10)
  A wight (D:6)
  4 howler monkeys
  4 centaur zombies
  2 jellies (D:7)
  5 hounds
  4 orc priests
  A gnoll shaman (D:9)
  A bullfrog skeleton (D:7)
  2 iguanas
  4 orc wizards
  A hound skeleton (D:4)
  27 gnolls
  9 adders
  A shadow imp (D:6)
  2 white imps
  2 adder skeletons (D:4)
  2 worms
  3 dart slugs
  11 orcs
  10 ball pythons
  4 bats
  4 endoplasms
  3 giant cockroaches
  10 hobgoblins
  3 jackals (D:1)
  2 quokkas
  2 frilled lizards
  4 goblins
  17 kobolds
  6 rats
240 creatures vanquished.

Vanquished Creatures (others)
  24 plants
24 creatures vanquished.

Grand Total: 264 creatures vanquished

Notes
Turn   | Place    | Note
-------+----------+-------------------------------------------
     0 | D:1      | backslashecho the Gargoyle Berserker began the quest for
                  | the Orb.
     0 | D:1      | Reached XP level 1. HP: 14/14 MP: 1/1
   226 | D:1      | Reached XP level 2. HP: 19/19 MP: 2/2
   238 | D:1      | Reached skill level 3 in Axes
  1030 | D:2      | Noticed Sigmund
  1637 | D:2      | Killed Sigmund
  1638 | D:2      | Reached skill level 4 in Axes
  1638 | D:2      | Reached skill level 1 in Unarmed Combat
  1638 | D:2      | Reached XP level 3. HP: 20/24 MP: 3/3
  1638 | D:2      | Reached XP level 4. HP: 24/29 MP: 4/4
  1638 | D:2      | Reached XP level 5. HP: 28/33 MP: 5/5
  2136 | D:2      | Reached ** piety under Trog
  2464 | D:3      | Reached XP level 6. HP: 9/39 MP: 6/6
  2882 | D:3      | Found a glowing golden altar of the Shining One.
  3282 | D:3      | Found a shimmering blue altar of Sif Muna.
  3331 | D:3      | Found an ornate altar of the Wu Jian Council.
  3887 | D:4      | Reached skill level 5 in Axes
  4062 | D:4      | Reached skill level 5 in Fighting
  4062 | D:4      | Reached XP level 7. HP: 28/44 MP: 7/7
  5132 | D:5      | Entered Level 5 of the Dungeon
  5309 | D:5      | Found a snail-covered altar of Cheibriados.
  5372 | D:5      | Reached *** piety under Trog
  5378 | D:5      | Reached skill level 6 in Axes
  5378 | D:5      | Reached skill level 5 in Armour
  5455 | D:5      | Reached XP level 8. HP: 50/51 MP: 8/8
  5911 | D:5      | Noticed Edmund
  5967 | D:5      | Killed Edmund
  5968 | D:5      | Reached skill level 7 in Axes
  6529 | D:6      | Reached XP level 9. HP: 56/56 MP: 9/9
  6770 | D:6      | Reached skill level 8 in Axes
  7348 | D:7      | Noticed a troll
  7361 | D:7      | Killed a troll
  7361 | D:7      | Reached **** piety under Trog
  7470 | D:7      | Reached skill level 9 in Axes
  7675 | D:7      | Found a staircase to the Ecumenical Temple.
  8116 | D:8      | Reached XP level 10. HP: 50/64 MP: 10/10
  8136 | D:8      | Noticed Maggie
  8150 | D:8      | Killed Maggie
  8151 | D:8      | Reached skill level 1 in Throwing
  8829 | D:8      | Reached skill level 10 in Axes
  9428 | D:9      | Reached XP level 11. HP: 71/71 MP: 11/11
  9435 | D:9      | Found Ulitos's Hydra Hut.
  9437 | D:9      | Noticed a four-headed hydra
  9440 | D:9      | Bought a +2 war axe of flaming for 274 gold pieces
  9488 | D:9      | Found a sparkling altar of Nemelex Xobeh.
  9488 | D:9      | Found a faded altar of an unknown god.
  9493 | D:9      | Found a shimmering altar of Xom.
  9505 | D:9      | Found a hazy altar of Hepliaklqana.
  9506 | D:9      | Found a faded altar of an unknown god.
  9547 | D:9      | Noticed Psyche
  9828 | D:9      | Killed Psyche
 10094 | D:10     | Entered Level 10 of the Dungeon
 10373 | D:10     | Noticed a two-headed ogre
 10382 | D:10     | Killed a two-headed ogre
 10383 | D:10     | Reached skill level 11 in Axes
 10494 | D:10     | Found a staircase to the Orcish Mines.
 10568 | D:10     | Found Xeacvirr's Armour Shop.
 10744 | D:10     | Found a glowing silver altar of Zin.
 10745 | D:10     | Noticed an angel
 11349 | D:11     | Noticed a two-headed ogre
 11355 | D:11     | Killed a two-headed ogre
 11426 | D:11     | Found a staircase to the Lair.
 11427 | D:11     | Noticed an oklob plant
 11470 | D:11     | Killed an oklob plant
 11588 | D:11     | Reached ***** piety under Trog
 11593 | D:11     | Reached skill level 5 in Throwing
 11947 | D:11     | Noticed Erica
 11956 | D:11     | Killed Erica
 12180 | Lair:1   | Entered Level 1 of the Lair of Beasts
 12185 | Lair:1   | Reached skill level 12 in Axes
 12196 | Lair:1   | Found a dark tunnel.
 12229 | Volcano  | Entered a volcano
 12230 | Volcano  | Noticed a two-headed ogre
 12249 | Volcano  | Killed a two-headed ogre
 12250 | Volcano  | Reached XP level 12. HP: 27/76 MP: 12/12
 12427 | Volcano  | Noticed a two-headed ogre
 12428 | Volcano  | Noticed a two-headed ogre
 12431 | Volcano  | Noticed a two-headed ogre
 12435 | Volcano  | Killed a two-headed ogre
 12440 | Volcano  | Killed a two-headed ogre
 12441 | Volcano  | Reached skill level 5 in Dodging
 12446 | Volcano  | Slain by a two-headed ogre

Illustrated notes

Levels and vault maps discovered:
D:1:      lightli_arrival_chessboard, layout_basic,
          amcnicky_mini_corridor_feature
D:2:      layout_rooms, supply_closet_lemuel, uniq_sigmund
D:3:      layout_rooms, tso_metal_star, amethyst_overflow_temple_binary
D:4:      layout_basic
D:5:      layout_loops_ring, mainiacjoe_overflow_brackets, uniq_edmund
D:6:      minmay_razor_zed, layout_basic, serial_park_tiny_pond
D:7:      layout_loops_ring, minmay_temple_entry_hall
D:8:      minmay_evil_eye, layout_loops_ring,
          hangedman_abyss_or_decor_lesser_grid, st_stairs_11, uniq_maggie
D:9:      layout_basic, chequers_temple_overflow_minitemple, moated_statue,
          doesnt_shop_hydraphobe, uniq_psyche
D:10:     layout_roguey, zin_angel, orc_0_dummy, serial_shops, shop
D:11:     layout_basic, dpeg_oklobed_lair, uniq_erica
Lair:1:   layout_loops_ring, nicolae_volcano_entry_lava_flow, st_stairs_5,
          lemuel_fruit_tree
Volcano:  pf_volcano_lost_world

Skill      XL: |  1  2  3  4  5  6  7  8  9 10 11 12 |
---------------+-------------------------------------+-----
Axes           | 4 5 6 7 9 10 12 | 12.7
Fighting       | 4 5 6 8 9 |  9.0
Armour         | 3 4 5 6 7 9 |  9.0
Unarmed Combat | 1 |  1.0
Throwing       | 3 5 6 |  6.0
Dodging        | 4 5 |  5.0

Action                   |  1- 3 |  4- 6 |  7- 9 | 10-12 || total
-------------------------+-------+-------+-------+-------++-------
Melee: Hand axe          |    70 |   175 |   597 |   166 ||  1008
       War axe           |       |       |     7 |   353 ||   360
       Punch             |       |       |     2 |     2 ||     4
Throw: Dart              |       |       |     3 |    15 ||    18
       Throwing net      |       |       |       |     1 ||     1
Invok: Berserk           |     2 |       |     4 |    15 ||    21
       Trog's Hand       |       |       |     1 |     3 ||     4
       Brothers in Arms  |       |       |       |     2 ||     2
Evoke: Wand              |       |       |       |     6 ||     6
Armor: Animal skin       |    25 |    49 |    23 |       ||    97
       Plate armour      |       |       |   420 |   449 ||   869
       Acid dragon scale |       |       |       |     1 ||     1
Dodge: Dodged            |    46 |   107 |   211 |   208 ||   572
